 Dungeon Crawl Stone Soup version 0.23-a0-301-g9da9e51 (webtiles) character file.

17 vierth the Sneak (level 2, -5/13 HPs)
             Began as a Spriggan Enchanter on Oct 7, 2018.
             Slain by a gnoll
             ... wielding a +0 flail
              (13 damage)
             ... on level 1 of the Dungeon.
             The game lasted 00:02:14 (1047 turns).

vierth the Sneak (Spriggan Enchanter)               Turns: 1047, Time: 00:02:14

Health: -5/13      AC:  2    Str:  4    XL:     2   Next: 44%
Magic:  7/7        EV: 18    Int: 16    God:
Gold:   20         SH:  0    Dex: 16    Spells: 4/7 levels left

rFire    . . .     SeeInvis +   a - +1 dagger
rCold    . . .     Gourm    .   (shield restricted)
rNeg     . . .     Faith    .   b - +0 robe
rPois    .         Spirit   .   (helmet restricted)
rElec    .         Reflect  .   (no cloak)
rCorr    .         Harm     .   (gloves unavailable)
MR       .....                  (boots unavailable)
Stlth    +++.......             (no amulet)
HPRegen  0.04/turn              (no ring)
MPRegen  0.10/turn              (no ring)

@: very quick
A: very small, unfitting armour, see invisible, herbivore, speed 3, slow
metabolism 2
a: no special abilities


You were on level 1 of the Dungeon.
You were not hungry.

You visited 1 branch of the dungeon, and saw 1 of its levels.

You collected 20 gold pieces.

Inventory:

Hand Weapons
 a - a +1 dagger (weapon)
Armour
 b - a +0 robe (worn)
Jewellery
 e - an uncursed ring of positive energy {unknown}
Scrolls
 c - a scroll of magic mapping {unknown}
 f - a scroll of remove curse {unknown}
 g - a scroll of enchant weapon {unknown}
 h - a scroll of fog {unknown}
Potions
 i - a potion of curing {unknown}
Comestibles
 d - a ration


   Skills:
 + Level 2.1 Short Blades
 - Level 3.0 Dodging
 - Level 4.4 Stealth
 + Level 3.4 Spellcasting
 - Level 3.6 Hexes


You had 4 spell levels left.
You knew the following spells:

 Your Spells              Type           Power        Failure   Level  Hunger
a - Corona                Hex            ##.....      4%          1    None
b - Ensorcelled Hibernat  Hex/Ice        #.....       13%         2    ##.....

Your spell library contained the following spells:

 Spells                   Type           Power        Failure   Level  Hunger
 Confuse                  Hex            ##......     12%         3    ###....
 Tukima's Dance           Hex            ##......     12%         3    ###....
 Dazzling Spray           Conj/Hex       #.....       26%         3    ###....


Dungeon Overview and Level Annotations

Branches:
Dungeon (1/15)

Altars:


Innate Abilities, Weirdness & Mutations

You are very small and have problems with some larger weapons.
You are too small for most types of armour.
You have supernaturally acute eyesight. (SInv)
You are a herbivore.
You cover ground extremely quickly.
You need to consume almost no food.


Message History

You kill the jackal!
You start resting.
HP restored.
h - a scroll labeled KIUTIO YR LARCHIODGH
i - an inky potion
Things that are here:
a jackal corpse x2
A frilled lizard and a jackal come into view.
The helpless frilled lizard fails to defend itself.
You impale the frilled lizard!!
You kill the frilled lizard!
The helpless jackal fails to defend itself.
You impale the jackal!!
You kill the jackal!
A gnoll comes into view. It is wielding a flail.
The gnoll shouts!
You hit the gnoll but do no damage. The gnoll hits you with a flail.
You hit the gnoll but do no damage. The gnoll hits you with a flail!
Ouch! That really hurt!
You die...

#######...#.#...#
#..#.#
............'8.##
+..#.#
######......#.##
#.##.. # ##..#..###
#.# .# # ##.##.##. #.#
.. # #.##.#..## #
#.##.....#
#.######.######.# #.#
#.@g.....#
######.######.######.#
#....†......#.#
#.####.####.#.# #.#
#.###....#### #.#
#...........# #.#
#####........# #.#
##.#.##..# ###.##
#.#.# ....


You could see a gnoll.

Vanquished Creatures
  A dart slug (D:1)
  A bat (D:1)
  2 hobgoblins (D:1)
  3 jackals (D:1)
  3 frilled lizards (D:1)
  2 kobolds (D:1)
  3 rats (D:1)
15 creatures vanquished.

Notes
Turn   | Place    | Note
-------+----------+-------------------------------------------
     0 | D:1      | vierth the Spriggan Enchanter began the quest for the Orb.
     0 | D:1      | Reached XP level 1. HP: 9/9 MP: 5/5
   765 | D:1      | Reached XP level 2. HP: 13/13 MP: 7/7
   864 | D:1      | Learned a level 2 spell: Ensorcelled Hibernation
  1047 | D:1      | Slain by a gnoll

Vault maps used:
D:1:      nicolae_arrival_washed_ashore, grunt_decor_arrowhead,
          serial_bayou_pond_d

Skill      XL: |  1  2 |
---------------+-------+-----
Spellcasting   | 3 |  3.4
Short Blades   | 2 |  2.1
Dodging        | |  3.0
Stealth        | |  4.4
Hexes          | |  3.6

Action                   || total
-------------------------++-------
Melee: Dagger            ||    85
 Stab: Sleeping          ||     6
Armor: Robe              ||     6
Dodge: Dodged            ||    62

Table legend:
 A = Non-vault XP
 B = Vault XP
 C = Vault XP percentage of total XP
 D = Non-vault monster count
 E = Vault monster count
 F = Vault count percentage of total count
                 A         B        C        D         E       F
            +---------+---------+-------+---------+---------+-------
      Total |      25 |       0 |   0.0 |      15 |       0 |   0.0
            +---------+---------+-------+---------+---------+-------
        D:1 |      25 |       0 |   0.0 |      15 |       0 |   0.0
            +---------+---------+-------+---------+---------+-------
